 Dungeon Crawl Stone Soup version 0.29.1-2-gbd0b4ee654 (webtiles) character file.

Game seed: 1411418069514050122

72436 warriortoast the Eclecticist (level 15, -1/80 (88) HPs)
             Began as a Deep Elf Conjurer on Oct 26, 2022.
             Was a High Priest of Vehumet.
             Succumbed to a redback's poison
             ... on level 1 of the Spider Nest on Oct 27, 2022.
             The game lasted 02:33:46 (28738 turns).

warriortoast the Eclecticist (Deep Elf Conjurer)   Turns: 28738, Time: 02:33:47

HP:   -1/80 (88)    AC: 13    Str:  6    XL:     15   Next: 1%
MP:   37/41         EV: 16    Int: 32    God:    Vehumet [*****.]
Gold: 945           SH:  0    Dex: 13    Spells: 40/54 levels left

rFire   + + .      SeeInvis +   l - staff of conjuration
rCold   + . .      Faith    .   (no shield)
rNeg    . . .      Spirit   .   X - +2 robe {Will+}
rPois   .          Reflect  .   M - +2 helmet {Int+3}
rElec   +          Harm     .   o - +2 cloak {rCorr}
rCorr   +          Rampage  .   (no gloves)
Will    +++++                   k - +2 pair of boots {Stlth+}
Stlth   ++........              (no amulet)
HPRegen 0.23/turn               g - ring of Solafeh {rElec rF++ rC+ Will+++ Stlth-}
MPRegen 0.27/turn               d - ring "Xeholeu" {rElec SInv}

@: lethally poisoned (-1 -> -43), drained
A: no striking features
a: Renounce Religion


You were on level 1 of the Spider Nest.
You worshipped Vehumet.
Vehumet was extremely pleased with you.
You visited 6 branches of the dungeon, and saw 21 of its levels.
You also visited: Bailey and Ice Cave.

You collected 2104 gold pieces.
You spent 1159 gold pieces at shops.

Inventory:

Missiles
 L - a throwing net
Armour
 k - a +2 pair of boots of stealth (worn)
 m - a +2 kite shield
 o - a +2 cloak of preservation (worn)
 M - a +2 helmet of intelligence (worn)
 X - a +2 robe of willpower (worn)
Magical Staves
 l - a staff of conjuration (weapon)
Jewellery
 a - a ring of poison resistance
 d - the ring "Xeholeu" (right hand) {rElec SInv}
   (You found it on level 2 of the Dungeon)

   [ring of see invisible]

   rElec:     It insulates you from electricity.
   SInv:      It lets you see invisible.
 f - an amulet of faith
 g - the ring of Solafeh (left hand) {rElec rF++ rC+ Will+++ Stlth-}
   (You acquired it on level 10 of the Dungeon)

   [ring of protection from cold]

   rF:        It greatly protects you from fire.
   rC:        It protects you from cold.
   rElec:     It insulates you from electricity.
   Will:      It greatly increases your willpower.
   Stlth:     It makes you less stealthy.
 u - a +6 ring of dexterity
 S - a ring of wizardry
Wands
 n - a wand of roots (9)
 r - a wand of digging (6)
 w - a wand of charming (19)
 C - a wand of flame (6)
 R - a wand of mindburst (19)
Scrolls
 e - 4 scrolls of enchant armour
 i - 3 scrolls of teleportation
 s - 4 scrolls of amnesia
 t - 3 scrolls of enchant weapon
 y - 4 scrolls of fear
 A - a scroll of vulnerability
 P - 4 scrolls of identify
 Q - 2 scrolls of brand weapon
Potions
 b - a potion of cancellation {unknown}
 c - a potion of ambrosia
 h - 3 potions of berserk rage
 j - 5 potions of might
 p - 6 potions of brilliance
 q - 4 potions of heal wounds
 z - 3 potions of resistance
 D - 7 potions of curing
 E - a potion of flight
 G - 2 potions of lignification
 J - a potion of invisibility


   Skills:
 - Level 8.0 Fighting
 - Level 10.0 Dodging
 - Level 2.4 Stealth
 - Level 20.0 Spellcasting
 + Level 16.0 Conjurations
 - Level 8.0 Hexes
 - Level 5.0 Translocations
 - Level 10.0 Evocations


You had 40 spell levels left.
You knew the following spells:

 Your Spells              Type           Power      Damage    Failure   Level
a - Magic Dart            Conj           100%       1d8       0%          1
b - Dazzling Flash        Conj/Hex       100%       N/A       0%          3
c - Fulminant Prism       Conj/Hex       52%        3d23      1%          4
d - Iskenderun's Mystic   Conj/Tloc      99%        2d19      1%          4
e - Blink                 Tloc           100%       N/A       1%          2

Your spell library contained the following spells:

 Spells                   Type           Power      Damage    Failure   Level
 Starburst                Conj/Fire      45%        6d13      1%          6
 Searing Ray              Conj           100%       2d8       0%          2
 Ensorcelled Hibernation  Hex/Ice        100%       N/A       1%          2
 Inner Flame              Hex/Fire       55%        N/A       1%          3
 Tukima's Dance           Hex            70%        N/A       1%          3
 Anguish                  Hex/Necr       27%        N/A       1%          4
 Cause Fear               Hex            35%        N/A       1%          4
 Passage of Golubria      Tloc           59%        N/A       1%          4
 Freezing Cloud           Conj/Ice/Air   39%        6-21      1%          5
 Yara's Violent Unravell  Hex/Tmut       27%        3d12      1%          5
 Ozocubu's Armour         Ice            32%        N/A       3%          3
 Spider Form              Tmut/Pois      32%        N/A       3%          3
 Manifold Assault         Tloc           59%        N/A       3%          5
 Metabolic Englaciation   Hex/Ice        27%        N/A       6%          5
 Simulacrum               Ice/Necr       16%        N/A       86%         6
 Discord                  Hex            35%        N/A       95%         8
 Haunt                    Necr/Summ      16%        N/A       100%        7
 Storm Form               Tmut/Air       16%        N/A       100%        7


Dungeon Overview and Level Annotations

Branches:
Dungeon (11/15)            Temple (1/1) D:5            Lair (5/5) D:10
 Shoals (0/4) Lair:3       Spider (1/4) Lair:3        Slime (0/5) Lair:4
    Orc (2/2) D:9             Elf (1/3) Orc:2        Bailey (visited)
  IceCv (visited)

Altars:
Ashenzari
Dithmenos
Fedhas
Gozag
Hepliaklqana
Kikubaaqudgha
Makhleb
Nemelex Xobeh
Okawaru
Qazlal
Ru
Trog
Uskayaw
Vehumet
Wu Jian
Yredelemnul
Jiyva

Shops:
D:1 [   D:2 *   D:10 *   Orc:2 [*(=

Annotations:
D:9 exclusions: door and 1 more exclusion


Message History

You feel your power returning.
The culicivora's many legs skitter faintly.
You hear a faint skittering sound.
A tarantella comes into view. x2
The redback's wounds heal themselves!
Being near the torpor snail leaves you feeling lethargic.
Your Conjurations skill increases to level 16!
Casting: Iskenderun's Mystic Blast (safe; 1% risk of failure)
Confirm with . or Enter, or press ? or * to list all spells.
You feel a surge of power!
You erupt in a blast of force!
The mystic blast hits the pharaoh ant!
The pharaoh ant is almost destroyed.
The pharaoh ant is knocked back by the mystic blast.
The mystic blast hits the tarantella!!
The tarantella is severely wounded.
The tarantella's many legs skitter faintly.
The tarantella is knocked back by the mystic blast.
Your surroundings seem slightly different.
The redback seems to regain its courage.
The pharaoh ant misses you. The redback bites you.
* * * LOW HITPOINT WARNING * * *
You are lethally poisoned!
The redback poisons you!
Blink to where?
Press: ? - help, Dir - move target
As you read the scroll of blinking, it crumbles to dust.
You feel yourself speed up.
* * * LOW HITPOINT WARNING * * *
You feel extremely sick.
You feel better.
As you read the scroll of teleportation, it crumbles to dust.
You feel strangely unstable.
The boulder beetle seems to regain its courage.
The boulder beetle curls into a ball and begins rolling!
The redback attacks as you move away! The redback bites you.
* * * LOW HITPOINT WARNING * * *
You are lethally poisoned!
The redback poisons you!
Your surroundings suddenly seem different.
You die...

####
##...#
#^..#
#@..#
#...#
##..#
....
...##
...#
....
..#.#


There were no monsters in sight!

Vanquished Creatures
  Gastronok (D:9)
  A deep elf sorcerer (Elf:1)
  2 orc warlords
  A deep elf demonologist (Elf:1)
  An entropy weaver (Spider:1)
  Snorg (Lair:4)
  A deep elf death mage (Elf:1)
  A fire dragon (Lair:5)
  4 hydras
  A catoblepas (Lair:1)
  A two-headed ogre (D:8)
  4 dancing weapons (Elf:1)
  Urug (D:10)
  Nergalle (Orc:1)
  3 deep elf knights
  5 orc high priests
  A swamp dragon (Lair:5)
  9 deep elf pyromancers
  A wolf spider (Lair:5)
  8 deep elf zephyrmancers
  6 orc knights
  3 deep elf archers (Elf:1)
  4 orc sorcerers
  2 oklob plants
  5 elephants (Lair:4)
  2 salamanders (Lair:3)
  A guardian serpent (Lair:5)
  7 black mambas
  Maggie (D:9)
  Maurice (D:9)
  A torpor snail (Spider:1)
  A demonic crawler (Spider:1)
  10 cane toads
  An unseen horror (D:8)
  A freezing wraith (IceCv)
  6 rime drakes
  8 komodo dragons
  5 trolls
  2 polar bears
  3 tarantellas (Spider:1)
  3 hornets
  8 blink frogs
  3 jumping spiders (Spider:1)
  31 yaks
  An air elemental (Elf:1)
  15 wyverns
  3 fire elementals (Elf:1)
  2 steam dragons
  4 basilisks
  10 redbacks
  9 vampire mosquitoes
  2 death yak simulacra (IceCv)
  A harpy simulacrum (IceCv)
  2 wargs
  4 acid dragons
  14 water moccasins
  35 orc warriors
  2 sky beasts
  2 swamp drakes (Lair:5)
  2 black bears
  6 centaurs
  5 ogres
  5 wolves (Lair:2)
  A kobold brigand (D:10)
  15 bullfrogs
  A gnoll sergeant (D:9)
  8 necrophages
  A scorpion (D:5)
  A cane toad simulacrum (IceCv)
  4 wights (D:6)
  An elephant simulacrum (IceCv)
  10 killer bees
  4 electric eels (Lair:5)
  A howler monkey (D:8)
  2 hounds
  3 jellies
  12 orc priests
  Ijyb (D:5)
  Terence (D:2)
  6 iguanas
  24 orc wizards
  7 gnolls
  2 adders
  A shadow imp (D:5)
  13 white imps
  2 ufetubi
  A worm (D:2)
  5 dart slugs
  118 orcs
  5 ball pythons
  4 endoplasms
  4 giant cockroaches
  3 hobgoblins
  7 jackals
  13 kobolds
  2 quokkas
  4 bats
  10 goblins
  2 rats
  A butterfly (Lair:2)
  A fulminant prism (Lair:4)
588 creatures vanquished.

Vanquished Creatures (others)
  414 fulminant prisms
  42 fungi
  117 plants
573 creatures vanquished.

Grand Total: 1161 creatures vanquished

Notes
Turn   | Place    | Note
-------+----------+-------------------------------------------
     0 | D:1      | warriortoast the Deep Elf Conjurer began the quest for the
                  | Orb.
     0 | D:1      | Reached XP level 1. HP: 10/10 MP: 6/6
    68 | D:1      | Found Qistroabb's Antique Armour Shoppe.
   306 | D:1      | Reached XP level 2. HP: 15/15 MP: 3/8
  1187 | D:2      | Reached skill level 4 in Spellcasting
  1298 | D:2      | Reached skill level 5 in Conjurations
  1298 | D:2      | Reached XP level 3. HP: 19/19 MP: 8/10
  1302 | D:2      | Learned a level 3 spell: Dazzling Flash
  1903 | D:2      | Reached skill level 1 in Hexes
  2094 | D:2      | Noticed Terence
  2525 | D:2      | Found Ecekkicw's Assorted Antiques.
  2541 | D:2      | Bought a scroll of identify for 56 gold pieces
  2549 | D:2      | Identified the ring "Xeholeu" {rElec SInv}
  2628 | D:2      | Killed Terence
  2629 | D:2      | Reached XP level 4. HP: 24/24 MP: 3/12
  2931 | D:3      | Found a faded altar of an unknown god.
  3033 | D:3      | Found a hide-covered altar of Uskayaw.
  3033 | D:3      | Found an iron altar of Okawaru.
  3916 | D:4      | Reached skill level 5 in Spellcasting
  3916 | D:4      | Reached XP level 5. HP: 11/28 MP: 0/14
  3921 | D:4      | Learned a level 4 spell: Fulminant Prism
  3926 | D:4      | Learned a level 4 spell: Iskenderun's Mystic Blast
  4710 | D:5      | Entered Level 5 of the Dungeon
  4716 | D:5      | Reached XP level 6. HP: 32/32 MP: 10/16
  4770 | D:5      | Found a sacrificial altar of Ru.
  4906 | D:5      | Reached skill level 6 in Spellcasting
  5060 | D:5      | Noticed Ijyb
  5645 | D:5      | Found a staircase to the Ecumenical Temple.
  5764 | D:5      | Killed Ijyb
  5765 | D:5      | Reached XP level 7. HP: 21/36 MP: 10/18
  6107 | D:5      | Found an opulent altar of Gozag.
  6111 | D:5      | Reached skill level 5 in Hexes
  6319 | D:5      | Found a runed translucent door.
  6495 | D:5      | Reached skill level 7 in Spellcasting
  6988 | D:6      | Reached XP level 8. HP: 41/41 MP: 4/21
  7194 | D:6      | Reached skill level 1 in Translocations
  7335 | D:6      | Reached skill level 8 in Spellcasting
  7563 | D:6      | Got the Grimoire of the Mortuary Snowflakes
  7772 | D:6      | Found a hazy altar of Hepliaklqana.
  8386 | D:7      | Found a basalt altar of Yredelemnul.
  8387 | D:7      | Found a bloodstained altar of Trog.
  8406 | D:7      | Found a burning altar of Makhleb.
  8687 | D:7      | Reached skill level 9 in Spellcasting
  8694 | D:7      | Reached XP level 9. HP: 37/45 MP: 18/24
  8909 | D:7      | Reached skill level 10 in Spellcasting
  8909 | D:7      | Reached skill level 5 in Translocations
  9373 | D:8      | Killed an unseen horror
  9374 | D:8      | Reached skill level 11 in Spellcasting
  9374 | D:8      | Reached skill level 10 in Conjurations
  9949 | D:8      | Noticed a two-headed ogre
  9955 | D:8      | Killed a two-headed ogre
  9956 | D:8      | Reached skill level 1 in Fighting
  9956 | D:8      | Reached XP level 10. HP: 52/52 MP: 19/27
 10087 | Temple   | Entered the Ecumenical Temple
 10122 | Temple   | Became a worshipper of Vehumet
 10566 | D:8      | Found an ancient bone altar of Kikubaaqudgha.
 10696 | D:9      | Reached skill level 12 in Spellcasting
 10994 | D:9      | Noticed Maurice
 11004 | D:9      | Killed Maurice
 11134 | D:9      | Noticed Maggie
 11140 | D:9      | Killed Maggie
 11460 | D:9      | Reached * piety under Vehumet
 11460 | D:9      | Offered knowledge of Foxfire by Vehumet.
 11658 | D:2      | Bought a scroll of identify for 56 gold pieces
 11658 | D:2      | Bought a potion of invisibility for 224 gold pieces
 11658 | D:2      | Bought 2 scrolls labelled OVVOIL YNLIUH for 56 gold pieces
 11748 | D:1      | Bought a runed helmet for 217 gold pieces
 12188 | D:9      | Found a shadowy altar of Dithmenos.
 12282 | D:9      | Noticed Gastronok
 12365 | D:9      | Reached skill level 1 in Evocations
 12594 | D:9      | Found a staircase to the Orcish Mines.
 12978 | D:10     | Entered Level 10 of the Dungeon
 12984 | D:10     | Identified a scroll of acquirement
 12984 | D:10     | Acquired the ring of Solafeh {rElec rF++ rC+ Will+++
                  | Stlth-}
 13072 | D:10     | Found a flagged portal.
 13080 | D:10     | Reached XP level 11. HP: 55/61 MP: 26/29
 13085 | Bailey   | Entered a bailey
 13191 | Bailey   | Reached ** piety under Vehumet
 13225 | Bailey   | Offered knowledge of Static Discharge by Vehumet.
 13227 | Bailey   | Noticed an orc knight
 13233 | Bailey   | Killed an orc knight
 13390 | Bailey   | Found a large runed translucent door.
 13390 | Bailey   | Found a large runed translucent door.
 13392 | Bailey   | Noticed a deep elf pyromancer
 13452 | Bailey   | Killed a deep elf pyromancer
 13643 | D:10     | Found a staircase to the Lair.
 13659 | D:10     | Found a broken altar of Ashenzari.
 13659 | D:10     | Noticed Urug
 13667 | D:10     | Killed Urug
 13668 | D:10     | Reached skill level 5 in Dodging
 13737 | D:10     | Found a stormy altar of Qazlal.
 13751 | D:10     | Found Luxo's Assorted Antiques.
 13759 | D:10     | Reached skill level 5 in Fighting
 13802 | D:10     | Bought a scroll of teleportation for 87 gold pieces
 13802 | D:10     | Bought a scroll labelled IVONKU HAWNIE for 29 gold pieces
 13802 | D:10     | Bought a purple potion for 26 gold pieces
 14117 | D:10     | Noticed an oklob plant
 14136 | D:10     | Killed an oklob plant
 14302 | Orc:1    | Entered Level 1 of the Orcish Mines
 14310 | Orc:1    | Noticed Nergalle
 14320 | Orc:1    | Killed Nergalle
 14338 | Orc:1    | Noticed a deep elf knight
 14339 | Orc:1    | Noticed an orc high priest
 14342 | Orc:1    | Killed a deep elf knight
 14343 | Orc:1    | Reached skill level 5 in Evocations
 14498 | Lair:1   | Entered Level 1 of the Lair of Beasts
 14504 | Lair:1   | Offered knowledge of Ignite Poison by Vehumet.
 14628 | Lair:1   | Noticed a seven-headed hydra
 14659 | Lair:1   | Killed a seven-headed hydra
 15347 | Lair:1   | Noticed a catoblepas
 15746 | Lair:2   | Reached *** piety under Vehumet
 15903 | Lair:2   | Learned a level 2 spell: Blink
 16058 | Lair:2   | Reached XP level 12. HP: 71/71 MP: 16/30
 16694 | Lair:3   | Found a hole to the Spider Nest.
 16753 | Lair:3   | Noticed a seven-headed hydra
 16916 | Lair:3   | Killed a seven-headed hydra
 17040 | Lair:3   | Offered knowledge of Olgreb's Toxic Radiance by Vehumet.
 17258 | Lair:3   | Found a staircase to the Shoals.
 17811 | Lair:4   | Noticed a four-headed hydra
 17819 | Lair:4   | Killed a four-headed hydra
 17831 | Lair:4   | Reached skill level 13 in Spellcasting
 17957 | Lair:4   | Found a frozen archway.
 17969 | IceCv    | Entered an ice cave
 17972 | IceCv    | Reached **** piety under Vehumet
 18101 | IceCv    | Found a transporter.
 18109 | IceCv    | Found a transporter.
 18293 | Lair:4   | Found a staircase to the Slime Pits.
 18293 | Lair:4   | Found a viscous altar of Jiyva.
 18353 | Lair:4   | Offered knowledge of Lee's Rapid Deconstruction by Vehumet.
 18412 | Lair:4   | Reached skill level 14 in Spellcasting
 18573 | Lair:4   | Noticed Snorg
 19073 | Lair:4   | Killed Snorg
 19184 | Lair:4   | Identified the +9 shortbow of the Pits of Slime {flame,
                  | rC+}
 19551 | Lair:5   | Entered Level 5 of the Lair of Beasts
 19673 | Lair:5   | Reached XP level 13. HP: 78/78 MP: 19/33
 19691 | Lair:5   | Reached skill level 15 in Spellcasting
 20486 | Lair:5   | Reached ***** piety under Vehumet
 20790 | Lair:5   | Offered knowledge of Eringya's Noxious Bog by Vehumet.
 20942 | Lair:5   | Reached skill level 15 in Conjurations
 22319 | Lair:5   | Noticed a fire dragon
 22832 | Lair:5   | Identified the +3 ring mail of Sif Muna's Approval {Dex+3}
 22924 | Lair:5   | Killed a fire dragon
 23802 | Orc:1    | Noticed an orc warlord
 23822 | Orc:1    | Killed an orc warlord
 23956 | Orc:1    | Reached skill level 16 in Spellcasting
 24076 | Orc:2    | Entered Level 2 of the Orcish Mines
 24461 | Orc:2    | Reached XP level 14. HP: 84/84 MP: 28/36
 24468 | Orc:2    | Reached skill level 10 in Dodging
 24877 | Orc:2    | Found a staircase to the Elven Halls.
 25055 | Orc:2    | Offered knowledge of Ozocubu's Refrigeration by Vehumet.
 25087 | Orc:2    | Reached skill level 10 in Evocations
 25093 | Orc:2    | Noticed an orc warlord
 25126 | Orc:2    | Killed an orc warlord
 25579 | Orc:2    | Reached skill level 17 in Spellcasting
 26464 | Orc:2    | Found Voij's Antique Armour Shoppe.
 26465 | Orc:2    | Found Yramp's Antique Weapon Shoppe.
 26467 | Orc:2    | Found Ucepruim's General Store.
 26467 | Orc:2    | Found Saocig's Jewellery Emporium.
 26491 | Orc:2    | Bought a potion of mutation for 88 gold pieces
 26492 | Orc:2    | Bought a ring of poison resistance for 320 gold pieces
 26617 | Elf:1    | Entered Level 1 of the Elven Halls
 26840 | Elf:1    | Reached skill level 18 in Spellcasting
 27029 | Elf:1    | Reached skill level 19 in Spellcasting
 27353 | Elf:1    | Noticed a Tzitzimitl
 27613 | Elf:1    | Reached skill level 20 in Spellcasting
 27852 | Elf:1    | Noticed a deep elf sorcerer
 27862 | Elf:1    | Killed a deep elf sorcerer
 28263 | D:9      | Killed Gastronok
 28470 | Spider:1 | Entered Level 1 of the Spider Nest
 28472 | Spider:1 | Offered knowledge of Starburst by Vehumet.
 28648 | Spider:1 | Reached XP level 15. HP: 82/88 MP: 20/41
 28734 | Spider:1 | HP: 2/80 [poisoned by a redback]
 28738 | Spider:1 | Succumbed to a redback's poison

Illustrated notes

Levels and vault maps discovered:
D:1:      psy_arrival_radial01, layout_basic, serial_shops, nicolae_diamond_shop
D:2:      layout_loops_corners, serial_shops, nicolae_lakefront_shop,
          uniq_terence
D:3:      layout_basic, mainiacjoe_overflow_divided_tiny,
          shapermc_ecumenical_altar_totnotflames, roderic_serpentine_path,
          moated_statue
D:4:      layout_loops_ring, st_stairs_1
D:5:      layout_basic, kennysheep_little_box,
          nicolae_ru_great_annihilating_truth, minmay_temple_entry_from_below_a,
          lightli_church_of_beogh, uniq_ijyb
D:6:      layout_rooms, nzn_hepliaklqana_mist_gate, kennysheep_another_room
D:7:      layout_gridville, gammafunk_temple_overflow_forgotten
D:8:      layout_basic, mainiacjoe_overflow_paths, minmay_crossroads
D:9:      layout_roguey, grunt_dithmenos_smoke, hiddenorc2_lemuel, uniq_maurice,
          uniq_gastronok, uniq_maggie
D:10:     layout_small_grid, ashenzari_altar_1, grunt_qazlal_sundering,
          dpeg_oklobed_lair, serial_shops, shop, enter_bailey_5, uniq_urug
D:11:     layout_irregular_city
Temple:   nicolae_temple_bog_church
Lair:1:   layout_roguey, grunt_megastairs_5, infiniplex_staircase_pool
Lair:2:   layout_regular_city, serial_bayou_shore_b, lemuel_fruit_fields,
          lemuel_fruit_tree
Lair:3:   layout_gridlike, minmay_shoals_entry_centaurs, spider_nest_entry_webs
Lair:4:   layout_layer_cave, slime_entry_1, portal_ice_cave_entry_imps,
          roderic_carrion_pond, uniq_snorg
Lair:5:   guppyfry_lair_end_dragon, layout_layer_cave,
          hangedman_lair_tendril_chambers, disabler_island
Spider:1: layout_spider_delve, beargit_elvish_explorers,
          hangedman_spider_tarantella_strand
Orc:1:    layout_caves, serial_shops, nicolae_lakefront_shop,
          ebering_ghost_disaster_area, elf_legates, uniq_nergalle
Orc:2:    st_orc_congregation, layout_diamond_mine, basic_altar, mines2_david
Elf:1:    layout_loops_corners, hangedman_elf_represent, billiards_dpeg

Skill      XL: |  1  2  3  4  5  6  7  8  9 10 11 12 13 14 15 |
---------------+----------------------------------------------+-----
Spellcasting   | 4 5 6 7 9 11 12 14 16 20 | 20.0
Conjurations   | 5 6 7 8 10 11 13 15 16 | 16.0
Hexes          | 1 2 3 4 6 8 |  8.0
Translocations | 3 5 |  5.0
Fighting       | 1 4 6 8 |  8.0
Evocations     | 2 6 8 9 10 | 10.0
Dodging        | 3 7 8 9 10 | 10.0
Stealth        | |  2.4

Action                   |  1- 3 |  4- 6 |  7- 9 | 10-12 | 13-15 || total
-------------------------+-------+-------+-------+-------+-------++-------
Melee: Staff             |       |       |       |     2 |       ||     2
 Cast: Magic Dart        |    96 |   116 |    88 |   122 |   146 ||   568
       Fulminant Prism   |       |     5 |    44 |   159 |   208 ||   416
       Iskenderun's Myst |       |       |     5 |    67 |   140 ||   212
Evoke: Wand              |       |       |       |    11 |       ||    11
  Use: Scroll            |     4 |       |     3 |    19 |    13 ||    39
       Potion            |       |       |     1 |     4 |     5 ||    10
Armor: Robe              |     2 |     6 |     3 |    26 |    11 ||    48
Dodge: Dodged            |     9 |    19 |     3 |    47 |    36 ||   114
